 Dungeon Crawl Stone Soup version 0.24-a0-504-gcfb02b9 (webtiles) character file.

Game seed: 9069621047601205619

176930 pkoi the Black Belt (level 17, -2/171 HPs)
             Began as a Troll Monk on July 17, 2019.
             Was the Champion of Jiyva.
             Slain by a jumping spider (16 damage)
             ... on level 3 of the Spider Nest.
             The game lasted 01:09:09 (31839 turns).

pkoi the Black Belt (Troll Monk)                   Turns: 31839, Time: 01:09:10

Health: -2/171     AC: 11    Str: 10    XL:     17   Next: 24%
Magic:  19/19      EV: 11    Int: 11    God:    Jiyva [******]
Gold:   2131       SH:  0    Dex: 29    Spells: 16/20 levels left

rFire    + + .     SeeInvis .     - Unarmed
rCold    . . .     Gourm    +   P - +0 large shield
rNeg     + . .     Faith    .   k - +0 robe of Bagon {rF+ rN+ Dex+5}
rPois    +         Spirit   .   Q - +1 hat
rElec    +         Reflect  +   A - +0 cloak {+Inv}
rCorr    +         Harm     .   (gloves unavailable)
MR       +....                  (boots unavailable)
Stlth    +++.......             y - +4 amulet of reflection
HPRegen  0.78/turn              a - ring "Masam" {rElec rPois Str+4 Int-5}
MPRegen  0.16/turn              L - +4 ring of protection

@: about to teleport, held
A: large, unfitting armour, claws 3, deformed body, fire resistance 1, fast
metabolism 3, gourmand, regeneration 1, screaming 1, shaggy fur 1, tough skin 3,
eyeballs 1, pseudopods 1, tendrils, jelly sensing items
}: 1/15 runes: slimy
a: Request Jelly, Slimify, Cure Bad Mutation, Renounce Religion, Evoke
Invisibility


You were on level 3 of the Spider Nest.
You worshipped Jiyva.
Jiyva was exalted by your worship.
You were very full.

You visited 7 branches of the dungeon, and saw 35 of its levels.
You also visited: Volcano.

You collected 2323 gold pieces.
You spent 192 gold pieces at shops.

Inventory:

Missiles
 q - 32 poisoned darts (quivered)
 H - 13 large rocks
Armour
 k - the +0 robe of Bagon (worn) {rF+ rN+ Dex+5}
   (You found it on level 1 of the Spider Nest)

   It affects your dexterity (+5).
   It protects you from fire.
   It protects you from negative energy.
 A - a +0 cloak of invisibility (worn)
 M - a +0 troll leather armour
 P - a +0 large shield (worn)
 Q - a +1 hat (worn)
 X - a +2 robe of magic resistance
Jewellery
 a - the ring "Masam" (left claw) {rElec rPois Str+4 Int-5}
   (You found it on level 5 of the Pits of Slime)

   [ring of poison resistance]

   It affects your strength (+4).
   It affects your intelligence (-5).
   It insulates you from electricity.
   It protects you from poison.
 f - a +6 ring of evasion
 g - an uncursed ring of see invisible
 s - an uncursed ring of flight
 y - a +4 amulet of reflection (around neck)
 L - a +4 ring of protection (right claw)
 Y - an uncursed ring of positive energy
Wands
 e - a wand of paralysis (13)
 v - a wand of flame (24)
 w - a wand of disintegration (50)
 B - a wand of clouds (7)
 G - a wand of polymorph (17)
 I - a wand of digging (8)
 K - a wand of acid (6)
 T - a wand of random effects (23)
Scrolls
 d - 2 scrolls of identify
 m - 3 scrolls of enchant armour
 n - 5 scrolls of teleportation
 o - 17 scrolls of remove curse
 p - 4 scrolls of blinking
 t - a scroll of magic mapping
 E - 3 scrolls of fog
 J - 2 scrolls of enchant weapon
 O - 4 scrolls of amnesia
 U - a scroll of fear
Potions
 c - 4 potions of heal wounds
 h - 3 potions of magic
 i - 3 potions of haste
 j - 4 potions of lignification
 l - 5 potions of curing
 r - 6 potions of flight
 u - 5 potions of might
 x - a potion of ambrosia
 C - 4 potions of agility
 D - a potion of invisibility
 R - a potion of brilliance
Miscellaneous
 z - a lightning rod (4/4)
 F - 2 phantom mirrors
 N - a lamp of fire
Comestibles
 b - 68 rations


   Skills:
 + Level 11.6 Fighting
 - Level 6.0 Throwing
 - Level 5.0 Armour
 + Level 12.7 Dodging
 - Level 1.0 Stealth
 + Level 7.6 Shields
 + Level 18.7 Unarmed Combat
 + Level 2.1 Spellcasting
 + Level 2.5 Translocations
 + Level 2.5 Transmutations
 - Level 4.8 Evocations


You had 16 spell levels left.
You knew the following spells:

 Your Spells              Type           Power        Failure   Level  Hunger
a - Sticks to Snakes      Tmut           #.......     58%         2    ###....
b - Blink                 Tloc           N/A          58%         2    ###....

Your spell library contained the following spells:

 Spells                   Type           Power        Failure   Level  Hunger
 Apportation              Tloc           #.....       45%         1    ##.....
 Beastly Appendage        Tmut           #.....       45%         1    ##.....
 Corona                   Hex            #......      80%         1    ##.....
 Flame Tongue             Conj/Fire      #....        80%         1    ##.....
 Magic Dart               Conj           #...         80%         1    ##.....
 Shock                    Conj/Air       #...         80%         1    ##.....
 Call Imp                 Summ           #.......     91%         2    ###....
 Slow                     Hex            #.......     91%         2    ###....
 Swiftness                Chrm/Air       #.......     91%         2    ###....
 Portal Projectile        Hex/Tloc       #.....       94%         3    ####...
 Spider Form              Tmut/Pois      #.........   94%         3    ####...
 Confuse                  Hex            #.......     99%         3    ####...
 Conjure Flame            Conj/Fire      #.......     99%         3    ####...
 Inner Flame              Hex/Fire       #.......     99%         3    ####...
 Mephitic Cloud           Conj/Pois/Air  #.......     99%         3    ####...
 Static Discharge         Conj/Air       #.......     99%         3    ####...
 Summon Guardian Golem    Hex/Summ       #.......     99%         3    ####...
 Tukima's Dance           Hex            #.......     99%         3    ####...
 Airstrike                Air            #.........   100%        4    #####..
 Cause Fear               Hex            #.........   100%        4    #####..
 Force Lance              Conj/Tloc      #.......     100%        4    #####..
 Ice Form                 Ice/Tmut       #.......     100%        4    #####..
 Leda's Liquefaction      Hex/Erth       #.........   100%        4    #####..
 Summon Ice Beast         Ice/Summ       #.......     100%        4    #####..
 Throw Icicle             Conj/Ice       #.......     100%        4    #####..
 Alistair's Intoxication  Tmut/Pois      #.......     100%        5    ######.
 Blade Hands              Tmut           #.........   100%        5    ######.
 Fireball                 Conj/Fire      #.........   100%        5    ######.
 Lightning Bolt           Conj/Air       #.........   100%        5    ######.
 Metabolic Englaciation   Hex/Ice        #.........   100%        5    ######.
 Summon Forest            Summ/Tloc      #.........   100%        5    ######.
 Bolt of Fire             Conj/Fire      #.........   100%        6    #######
 Ozocubu's Refrigeration  Ice            #.........   100%        6    #######
 Dragon Form              Tmut           #.........   100%        7    #######
 Dragon's Call            Summ           #.........   100%        9    #######


Dungeon Overview and Level Annotations

Branches:
Dungeon (15/15)            Temple (1/1) D:7            Lair (6/6) D:11
  Swamp (3/4) Lair:3       Spider (3/4) Lair:2        Slime (5/5) Lair:6
    Orc (2/2) D:10            Elf (0/3) Orc:2        Vaults (0/5) D:14
 Depths (0/5) D:15

Altars:
Ashenzari
Cheibriados
Dithmenos
Elyvilon
Fedhas
Gozag
Hepliaklqana
Kikubaaqudgha
Makhleb
Nemelex Xobeh
Okawaru
Qazlal
Ru
Sif Muna
Trog
Uskayaw
Vehumet
Wu Jian
Xom
Yredelemnul
Zin
The Shining One
Jiyva

Shops:
D:8 ?   D:10 *(   D:14 ?   Orc:1 %   Orc:2 =[[[

Portals:
Trove: D:10 (give +4 demon blade)

Annotations:
D:15 2 runed translucent doors, McSplat's ghost, adept MfGl
Slime:5 Dissolution; Royal Jelly


Innate Abilities, Weirdness & Mutations

You are too large for most types of armour.
You have claws for hands.
Your metabolism is lightning-fast.
You like to eat raw meat.
Your natural rate of healing is unusually fast.
You are covered in fur. (AC +1)
You have extremely tough skin. (AC +3)
Armour fits poorly on your strangely shaped body.
Your flesh is heat resistant. (rF+)
You occasionally shout uncontrollably at your foes.
Your body has grown golden eyes which may confuse attackers. (Acc +3)
Armour fits poorly on your pseudopods.
You are covered in slimy tendrils that may disarm your opponents.
You have a small jelly attached to you that senses nearby items.


Message History

The jumping spider pounces on you.
* * * LOW HITPOINT WARNING * * *
The jumping spider bites you.
* * * LOW HITPOINT WARNING * * *
The redback misses you. The jumping spider pounces on you.
* * * LOW HITPOINT WARNING * * *
You are even more entangled.
The jumping spider bites you but does no damage.
You hear a splatter.
Unknown command.
Unknown command.
You struggle to detach yourself from the web.
The jumping spider barely misses you. The jumping spider bites you.
* * * LOW HITPOINT WARNING * * *
The redback closely misses you. The jumping spider pounces on you.
* * * LOW HITPOINT WARNING * * *
You are even more entangled.
The jumping spider bites you but does no damage.
The redback misses you. The jumping spider pounces on you!
You die...

##≈≈≈≈# #. ##
#≈≈≈≈≈## ###
##≈##≈≈≈#≈≈ #^^ #≈≈≈≈
≈≈≈≈ ###^ #≈≈≈##≈≈≈##
#.#.
#≈≈≈#.##^########...
#≈.#.....#.##..#...
#.s.^......##..###. .
#.@s.^....^.#..##.^
..
###sss###.....†.####
#..
#.##ss..#.....#...##
#.ss##
##.....s.##..###....#
....s.##..s......#>.#
##..##
#....#...°....#####
#...#
#$......#.####.#
#.s##
##>.###.###...^##
##°... ##..
####...[..###.....


You could see an orb spider, 2 jumping spiders, 2 tarantellas and 3 redbacks.

Vanquished Creatures
  Jorgrun (D:15)
  3 thorn hunters
  Agnes (Spider:3)
  The ghost of Wuxian the Warrior, a journeyman DrCj of Gozag (Swamp:2)
  The ghost of indyram44 the Protected, a journeyman GrGl of Okawaru (Swamp:2)
  2 entropy weavers
  Fannar (Lair:3)
  A vault guard (D:10)
  Harold (D:6)
  An ice dragon (Lair:3)
  2 shambling mangroves
  2 ghost crabs
  9 hydras
  2 centaur warriors
  10 alligators
  2 ogre magi
  10 two-headed ogres
  2 orc high priests (Orc:2)
  3 tengu warriors (D:15)
  A spriggan (Swamp:2)
  A fire crab (shapeshifter) (D:14)
  3 skeletal warriors
  A swamp dragon (Swamp:1)
  2 wizards
  An orc knight (Orc:1)
  A necromancer (D:15)
  5 deep elf magi
  An anaconda skeleton (Volcano)
  14 orb spiders
  2 cyclopes
  A wolf spider zombie (D:15)
  5 orc sorcerers
  22 wolf spiders
  13 ugly things
  3 oklob plants
  5 manticores
  13 elephants
  9 black mambas
  Maurice (D:8)
  A guardian serpent (Lair:6)
  3 naga magi (D:15)
  4 torpor snails
  6 gargoyles
  7 centaur skeletons
  The ghost of quoriil the Magician, a novice DgWz (D:6)
  24 spiny frogs
  2 rime drakes
  2 efreet (D:14)
  7 demonic crawlers
  5 komodo dragons
  A tengu conjurer (D:15)
  A merfolk (D:9)
  3 meliai
  5 trolls
  30 jumping spiders
  2 harpy skeletons (Volcano)
  12 hornets
  A queen bee (Lair:1)
  12 polar bears (Lair:6)
  3 dream sheep (Lair:5)
  6 tyrant leeches
  Grinder (D:3)
  3 raiju (Lair:6)
  8 hippogriffs
  6 blink frogs
  2 bog bodies (Lair:3)
  2 flying skulls (Volcano)
  42 redbacks
  2 alligator skeletons (Volcano)
  18 tarantellas
  2 wraiths
  2 vampires
  3 fire bats (Lair:3)
  11 wyverns
  2 shadows
  2 hungry ghosts
  6 vampire mosquitoes
  6 basilisks
  A steam dragon (D:9)
  34 yaks
  6 wargs
  4 insubstantial wisps (Swamp:1)
  15 water moccasins
  5 swamp worms
  An acid dragon (D:15)
  14 hell hounds (Lair:6)
  15 porcupines
  6 swamp drakes
  A meliai simulacrum (D:15)
  An eye of draining (D:11)
  A phantom (D:5)
  7 sky beasts
  14 black bears
  23 orc warriors
  17 ogres
  4 boggarts (D:15)
  4 ice beasts
  26 wolves
  8 centaurs
  A necrophage (D:11)
  6 big kobolds
  19 crocodiles
  27 bullfrogs
  3 wyvern skeletons
  4 scorpions
  23 killer bees
  2 spriggan skeletons (Volcano)
  4 troll skeletons (Volcano)
  5 wights
  2 electric eels
  8 centaur zombies
  5 crimson imps
  2 bullfrog zombies
  3 quasits
  6 hounds
  19 orc priests
  A human zombie (D:7)
  4 jellies
  A gnoll shaman (D:6)
  23 orc wizards
  2 iguanas
  Natasha (thrice) (D:3)
  15 worker ants
  11 gnolls
  A howler monkey skeleton (D:9)
  13 adders
  4 shadow imps
  An adder skeleton (D:8)
  2 worms
  3 dart slugs
  4 leopard geckos
  64 orcs
  2 ball pythons
  9 bats
  5 giant cockroaches
  8 goblins
  9 hobgoblins
  12 jackals
  8 quokkas
  A frilled lizard (D:4)
  26 kobolds
  A leopard gecko zombie (D:5)
  A quokka skeleton (D:5)
  4 rats
  A fungus (Lair:4)
  A plant (Lair:4)
1001 creatures vanquished.

Vanquished Creatures (others)
  Nessos (D:13)
  A two-headed ogre (D:13)
  An alligator (Swamp:1)
  A swamp dragon (Swamp:3)
  An orc sorcerer (Orc:2)
  An orc knight (D:15)
  A deep elf mage (D:13)
  A spiny frog (Swamp:1)
  A kobold demonologist (D:13)
  22 slime creatures
  5 dream sheep (D:3)
  A hippogriff (D:12)
  A flying skull (Volcano)
  A wyvern (Lair:6)
  2 insubstantial wisps (Swamp:1)
  A swamp worm (Swamp:1)
  A soldier ant (shapeshifter) (D:13)
  3 water moccasins (Lair:6)
  3 orc warriors
  2 swamp drakes (Swamp:1)
  A sky beast (D:5)
  An eye of draining (D:13)
  An ogre (D:15)
  A boggart (D:15)
  A centaur (D:13)
  A howler monkey (D:12)
  An electric eel (Spider:1)
  85 jellies
  2 orc priests (Orc:2)
  9 orc wizards
  A worker ant (D:5)
  3 orcs
  A giant cockroach (D:5)
  2 quokkas
  2 kobolds (D:13)
  A briar patch (Swamp:1)
  21 fungi
  29 plants
  10 toadstools
  6 withered plants (Swamp:2)
230 creatures vanquished.

Grand Total: 1231 creatures vanquished

Notes
Turn   | Place    | Note
-------+----------+-------------------------------------------
     0 | D:1      | pkoi the Troll Monk began the quest for the Orb.
     0 | D:1      | Reached XP level 1. HP: 22/22 MP: 0/0
    97 | D:1      | Reached XP level 2. HP: 29/29 MP: 1/1
   231 | D:1      | Reached skill level 4 in Unarmed Combat
   352 | D:1      | Reached XP level 3. HP: 36/36 MP: 2/2
   628 | D:2      | Reached XP level 4. HP: 44/44 MP: 3/3
   639 | D:2      | Reached skill level 5 in Unarmed Combat
   720 | D:2      | Found a white marble altar of Elyvilon.
  1078 | D:3      | Noticed a bullfrog
  1086 | D:3      | Killed a bullfrog
  1086 | D:3      | Reached XP level 5. HP: 38/50 MP: 4/4
  1149 | D:3      | Reached skill level 6 in Unarmed Combat
  1309 | D:3      | Noticed a dream sheep
  1309 | D:3      | Noticed a dream sheep
  1309 | D:3      | Noticed a dream sheep
  1309 | D:3      | Noticed a dream sheep
  1309 | D:3      | Noticed a dream sheep
  1309 | D:3      | Found a shimmering altar of Xom.
  1314 | D:3      | Killed a dream sheep
  1314 | D:3      | Killed a dream sheep
  1314 | D:3      | Killed a dream sheep
  1314 | D:3      | Killed a dream sheep
  1315 | D:3      | Killed a dream sheep
  1601 | D:3      | Noticed Grinder
  1611 | D:3      | Killed Grinder
  1611 | D:3      | Reached skill level 7 in Unarmed Combat
  1611 | D:3      | Reached XP level 6. HP: 45/59 MP: 5/5
  1712 | D:3      | Noticed Natasha
  1717 | D:3      | Killed Natasha
  1788 | D:3      | Noticed Natasha
  1794 | D:3      | Killed Natasha
  1856 | D:3      | Noticed Natasha
  1863 | D:3      | Killed Natasha
  1923 | D:4      | Found a shattered altar of Ashenzari.
  1986 | D:4      | Reached skill level 8 in Unarmed Combat
  1986 | D:4      | Reached XP level 7. HP: 66/66 MP: 6/6
  2256 | D:4      | Found a sparkling altar of Nemelex Xobeh.
  2342 | D:4      | Reached skill level 9 in Unarmed Combat
  2454 | D:4      | Found a glowing silver altar of Zin.
  2738 | D:5      | Entered Level 5 of the Dungeon
  2833 | D:5      | Reached XP level 8. HP: 70/74 MP: 7/7
  2932 | D:5      | Found a stormy altar of Qazlal.
  2932 | D:5      | Found a blossoming altar of Fedhas.
  3002 | D:5      | Reached skill level 10 in Unarmed Combat
  3952 | D:6      | Found a transporter.
  4038 | D:6      | Reached XP level 9. HP: 84/84 MP: 8/8
  4046 | D:6      | Found a transporter.
  4046 | D:6      | Noticed quoriil's ghost (novice DgWz)
  4048 | D:6      | Identified the +8 great mace "Iguss" {crush, Int+2}
  4048 | D:6      | Identified the cursed +0 great mace of Cepiwoze {elec,
                  | Dex+6}
  4048 | D:6      | Noticed a two-headed ogre
  4413 | D:7      | Noticed Harold
  4547 | D:6      | Killed Harold
  4547 | D:6      | Reached skill level 5 in Fighting
  4547 | D:6      | Reached skill level 5 in Dodging
  4547 | D:6      | Reached skill level 11 in Unarmed Combat
  4660 | D:7      | Found a runed translucent door.
  4664 | D:7      | Found a basalt altar of Yredelemnul.
  4873 | D:7      | Found a staircase to the Ecumenical Temple.
  4980 | Temple   | Entered the Ecumenical Temple
  5174 | D:7      | Noticed a green ugly thing
  5175 | D:7      | Noticed a red ugly thing
  5216 | D:6      | Killed a green ugly thing
  5312 | D:6      | Killed a purple ugly thing
  5312 | D:6      | Reached XP level 10. HP: 36/98 MP: 9/9
  5428 | D:7      | Noticed a deep elf mage
  5440 | D:7      | Killed a deep elf mage
  5613 | D:7      | Got an ancient lajatang
  5655 | D:7      | Identified the +6 lajatang of Massacring {slice, MR++ MP+9}
                  | (You found it on level 7 of the Dungeon)
  5693 | D:8      | Noticed Maurice
  5710 | D:8      | Killed Maurice
  5896 | D:8      | Reached skill level 12 in Unarmed Combat
  5982 | D:8      | Found Teykoff's Magic Scroll Boutique.
  5985 | D:8      | Bought a scroll of teleportation for 36 gold pieces
  5985 | D:8      | Bought a scroll of teleportation for 36 gold pieces
  7137 | D:10     | Entered Level 10 of the Dungeon
  7137 | D:10     | Noticed a two-headed ogre
  7150 | D:10     | Killed a two-headed ogre
  7150 | D:10     | Reached XP level 11. HP: 105/109 MP: 10/10
  7170 | D:10     | Noticed a vault guard
  7182 | D:10     | Killed a vault guard
  7238 | D:10     | Found Ohofrut's Weapon Boutique.
  7238 | D:10     | Found a staircase to the Orcish Mines.
  7441 | D:10     | Found Qisaach's General Store.
  7444 | D:10     | Bought a potion of heal wounds for 60 gold pieces
  7444 | D:10     | Bought a potion of heal wounds for 60 gold pieces
  7567 | D:10     | Reached skill level 13 in Unarmed Combat
  7707 | D:10     | Found a portal to a secret trove of treasure.
  8113 | D:11     | Noticed a cyan ugly thing
  8159 | D:11     | Noticed a cyan ugly thing
  8162 | D:11     | Killed a cyan ugly thing
  8279 | D:10     | Killed a cyan ugly thing
  8432 | D:11     | Noticed a white ugly thing
  8446 | D:11     | Killed a white ugly thing
  8652 | D:11     | Found a staircase to the Lair.
  8710 | D:11     | Reached skill level 14 in Unarmed Combat
  8854 | D:11     | Found an opulent altar of Gozag.
  9118 | Lair:1   | Entered Level 1 of the Lair of Beasts
  9135 | Lair:1   | Reached XP level 12. HP: 105/122 MP: 11/11
 10957 | Lair:2   | Found a hole to the Spider Nest.
 11462 | Lair:3   | Noticed an eight-headed hydra
 11467 | Lair:3   | Gained mutation: Your muscles are strong. (Str +2) [potion
                  | of mutation]
 11467 | Lair:3   | Gained mutation: You are robust. (+10% HP) [potion of
                  | mutation]
 11473 | Lair:3   | Killed an 11-headed hydra
 11473 | Lair:3   | Reached skill level 1 in Throwing
 11473 | Lair:3   | Reached skill level 15 in Unarmed Combat
 11488 | Lair:3   | Found a dark tunnel.
 11574 | Volcano  | Entered a volcano
 12312 | Lair:3   | Found a staircase to the Swamp.
 12320 | Lair:3   | Reached XP level 13. HP: 121/144 MP: 12/12
 12364 | Lair:3   | Noticed Fannar
 12387 | Lair:3   | Killed Fannar
 12806 | Lair:3   | Identified the Compendium of Attacks
 13761 | Lair:4   | Reached skill level 16 in Unarmed Combat
 14251 | Lair:4   | Found a blossoming altar of Fedhas.
 14529 | Lair:5   | Reached skill level 10 in Dodging
 14533 | Lair:5   | Reached skill level 10 in Fighting
 15052 | Lair:5   | Reached skill level 5 in Throwing
 15332 | Lair:6   | Entered Level 6 of the Lair of Beasts
 15415 | Lair:6   | Found a viscous altar of Jiyva.
 15415 | Lair:6   | Found a staircase to the Slime Pits.
 15425 | Lair:6   | Became a worshipper of Jiyva Jypot the Shapeless
 15425 | Lair:6   | Reached * piety under Jiyva
 15425 | Lair:6   | Reached ** piety under Jiyva
 15509 | Lair:6   | Reached XP level 14. HP: 157/157 MP: 13/13
 15652 | Lair:6   | Reached *** piety under Jiyva
 15729 | Lair:6   | Found an ornate altar of the Wu Jian Council.
 15745 | Lair:6   | Lost mutation: You are robust. (+10% HP) [Jiyva's grace]
 16324 | Lair:6   | Reached skill level 17 in Unarmed Combat
 17292 | Lair:6   | Reached **** piety under Jiyva
 17808 | D:12     | Gained mutation: Your translucent skin slightly reduces
                  | your foes' accuracy. (Stealth) [Jiyva's grace]
 17884 | D:12     | Reached skill level 1 in Armour
 18649 | D:13     | Lost mutation: Your translucent skin slightly reduces your
                  | foes' accuracy. (Stealth) [Jiyva's grace]
 18662 | D:13     | Reached ***** piety under Jiyva
 18802 | D:13     | Noticed Nessos
 18827 | D:13     | Reached XP level 15. HP: 149/152 MP: 14/14
 18834 | D:13     | Killed Nessos
 18882 | D:13     | Gained mutation: You have sharp toenails. [Jiyva's grace]
 19116 | D:7      | Gained mutation: You are partially covered in yellow
                  | scales. (AC +2) [Jiyva's grace]
 19416 | D:14     | Reached ****** piety under Jiyva
 19430 | D:14     | Paralysed by an ogre mage for 2 turns
 19439 | D:14     | Found a gate to the Vaults.
 19552 | D:14     | Gained mutation: You are robust. (+10% HP) [Jiyva's grace]
 19664 | D:14     | Found Jyhof's Magic Scroll Boutique.
 19744 | D:14     | Reached skill level 18 in Unarmed Combat
 19874 | D:14     | Gained mutation: Your mind is acute. (Int +2) [Jiyva's
                  | grace]
 20309 | Swamp:1  | Entered Level 1 of the Swamp
 20449 | Swamp:1  | Noticed a thorn hunter
 20462 | Swamp:1  | Killed a thorn hunter
 20722 | Swamp:1  | Gained mutation: Armour fits poorly on your pseudopods.
                  | [Jiyva's grace]
 20981 | Swamp:1  | Gained mutation: You are covered in slimy tendrils that may
                  | disarm your opponents. [Jiyva's grace]
 21078 | Swamp:1  | Found a radiant altar of Vehumet.
 21173 | Swamp:1  | Reached skill level 5 in Armour
 21459 | Swamp:2  | Found a runed translucent gate.
 21459 | Swamp:2  | Found a runed translucent gate.
 21459 | Swamp:2  | Found a runed translucent gate.
 21508 | Swamp:2  | Noticed Wuxian's ghost (journeyman DrCj)
 21508 | Swamp:2  | Noticed indyram44's ghost (journeyman GrGl)
 21528 | Swamp:2  | Reached skill level 1 in Shields
 22340 | D:6      | Killed quoriil's ghost
 22614 | Lair:3   | Lost mutation: Your muscles are strong. (Str +2) [Jiyva's
                  | grace]
 22859 | Swamp:3  | Noticed a thorn hunter
 22884 | Swamp:2  | Killed a thorn hunter
 22884 | Swamp:2  | Reached skill level 1 in Evocations
 23025 | Swamp:3  | Lost mutation: Your mind is acute. (Int +2) [Jiyva's grace]
 23083 | Swamp:3  | Noticed a thorn hunter
 23100 | Swamp:3  | Killed a thorn hunter
 23100 | Swamp:3  | Reached skill level 5 in Shields
 23214 | Swamp:2  | Killed Wuxian's ghost
 23223 | Swamp:2  | Killed indyram44's ghost
 23223 | Swamp:2  | Reached XP level 16. HP: 177/177 MP: 17/17
 23230 | Swamp:2  | Got a transparent lapis lazuli ring
 23231 | Swamp:2  | Identified the ring "Afin" {AC+1 Str+2} (You found it on
                  | level 2 of the Swamp)
 23420 | D:15     | Entered Level 15 of the Dungeon
 23491 | D:15     | Lost mutation: You have sharp toenails. [Jiyva's grace]
 23520 | D:15     | Noticed a lich
 23520 | D:15     | Noticed McSplat's ghost (adept MfGl)
 23615 | D:15     | Noticed Jorgrun
 23632 | D:15     | Killed Jorgrun
 23963 | D:15     | Found a sacrificial altar of Ru.
 24047 | D:15     | Found a runed translucent door.
 24065 | D:15     | Found a runed translucent door.
 24280 | D:15     | Found a staircase to the Depths.
 24343 | D:15     | Gained mutation: You are resistant to electric shocks.
                  | (rElec) [Jiyva's grace]
 24693 | Orc:1    | Entered Level 1 of the Orcish Mines
 24784 | Orc:1    | Gained mutation: You have a pair of small horns on your
                  | head. [Jiyva's grace]
 24953 | Orc:1    | Gained mutation: Your mind is acute. (Int +2) [Jiyva's
                  | grace]
 24957 | Orc:1    | Lost mutation: You have a pair of small horns on your head.
                  | [Jiyva's grace]
 24975 | Orc:2    | Entered Level 2 of the Orcish Mines
 25182 | Orc:2    | Gained mutation: You have a small jelly attached to you
                  | that senses nearby items. [Jiyva's grace]
 25188 | Orc:2    | Lost mutation: You are resistant to electric shocks.
                  | (rElec) [Jiyva's grace]
 25254 | Orc:2    | Gained mutation: Your movements are slightly less
                  | encumbered by armour. (ER -2) [Jiyva's grace]
 25272 | Orc:2    | HP: 3/178 [orc priest/divine providence (12)]
 25283 | Orc:2    | HP: 6/178 [orc priest/divine providence (9)]
 25286 | Orc:2    | Lost mutation: Your mind is acute. (Int +2) [Jiyva's grace]
 25292 | Orc:2    | Lost mutation: You are partially covered in yellow scales.
                  | (AC +2) [Jiyva's grace]
 25417 | Orc:2    | Lost mutation: You are robust. (+10% HP) [Jiyva's grace]
 25452 | Orc:2    | Found Zurid's Antique Armour Boutique.
 25452 | Orc:2    | Found Pocom's Armour Shop.
 25452 | Orc:2    | Found Vuanieb's Armour Shop.
 25463 | Orc:2    | Found Kaf Caba's Jewellery Boutique.
 25555 | Orc:2    | Found a staircase to the Elven Halls.
 25603 | Orc:2    | Lost mutation: Your movements are slightly less encumbered
                  | by armour. (ER -2) [Jiyva's grace]
 25746 | Orc:1    | Found Cobuj's Food Shop.
 25933 | Spider:1 | Entered Level 1 of the Spider Nest
 26097 | Lair:2   | HP: 4/162 [wolf spider (9)]
 26097 | Lair:2   | HP: 1/162 [wolf spider (3)]
 26430 | Slime:1  | Entered Level 1 of the Pits of Slime
 26430 | Slime:1  | Noticed an acid blob
 26567 | Slime:1  | Noticed an acid blob
 26588 | Slime:2  | Learned a level 2 spell: Sticks to Snakes
 26613 | Slime:2  | You fall into a shaft and drop 1 floor!
 26616 | Slime:3  | Noticed an acid blob
 26876 | Slime:4  | Noticed an acid blob
 27048 | Slime:5  | Entered Level 5 of the Pits of Slime
 27051 | Slime:5  | Gained mutation: You have sharp toenails. [Jiyva's grace]
 27055 | Slime:5  | Lost mutation: Armour fits poorly on your pseudopods.
                  | [Jiyva's grace]
 27061 | Slime:5  | Gained mutation: Your flesh is heat resistant. (rF+)
                  | [Jiyva's grace]
 27074 | Slime:5  | Lost mutation: You have sharp toenails. [Jiyva's grace]
 27075 | Slime:5  | Noticed the Royal Jelly
 27076 | Slime:5  | Found a viscous altar of Jiyva.
 27077 | Slime:5  | Noticed an acid blob
 27081 | Slime:5  | Identified Moboatece's Volume of Snow and Dislocation
 27092 | Slime:5  | Got a slimy rune of Zot
 27095 | Slime:5  | Got a brightly glowing iron ring
 27096 | Slime:5  | Identified the ring "Masam" {rElec rPois Str+4 Int-5} (You
                  | found it on level 5 of the Pits of Slime)
 27100 | Slime:5  | Noticed an acid blob
 27105 | Slime:5  | Noticed an acid blob
 27108 | Slime:5  | Identified Yfunull's Guide on Quantum Transformation
 27118 | Slime:5  | Identified the Catalogue of Frigorific Hexes
 27123 | Slime:5  | Learned a level 2 spell: Blink
 27147 | Slime:5  | Noticed an acid blob
 27151 | Slime:5  | Noticed an acid blob
 27166 | Slime:5  | Noticed an acid blob
 27175 | Slime:5  | Noticed an acid blob
 27210 | Slime:5  | Noticed an acid blob
 27212 | Slime:5  | Noticed Dissolution
 27218 | Slime:5  | Noticed an acid blob
 27225 | Slime:5  | Noticed an acid blob
 27647 | Slime:2  | Noticed an acid blob
 27696 | Slime:2  | Noticed an acid blob
 28498 | Lair:2   | Reached skill level 1 in Translocations
 28498 | Lair:2   | Reached skill level 1 in Transmutations
 28632 | Spider:1 | Gained mutation: You occasionally shout uncontrollably at
                  | your foes. [Jiyva's grace]
 28674 | Spider:1 | Reached skill level 1 in Spellcasting
 28729 | Spider:1 | Gained mutation: Your body has grown golden eyes which may
                  | confuse attackers. (Acc +3) [Jiyva's grace]
 28743 | Spider:1 | Got a steaming robe
 28765 | Spider:1 | Identified the +0 robe of Bagon {rF+ rN+ Dex+5} (You found
                  | it on level 1 of the Spider Nest)
 30160 | Spider:2 | Reached XP level 17. HP: 170/170 MP: 19/19
 30363 | D:10     | Gained mutation: Armour fits poorly on your pseudopods.
                  | [Jiyva's grace]
 30769 | Spider:2 | Gained mutation: Armour fits poorly on your strangely
                  | shaped body. [Jiyva's grace]
 31194 | Spider:3 | Noticed Agnes
 31210 | Spider:3 | Killed Agnes
 31839 | Spider:3 | Slain by a jumping spider

Levels and vault maps discovered:
D:1:      psy_arrival_whirlpool, layout_rooms
D:2:      layout_loops_cross, elyvilon_altar_4
D:3:      layout_basic, kb_xom_exploding_sheep, first_ration, uniq_grinder,
          uniq_natasha
D:4:      layout_loops_corners, nicolae_overflow_hidden_temple
D:5:      layout_basic, grunt_temple_overflow_forces_of_nature,
          minmay_door_square, lemuel_flamethrower_2
D:6:      layout_gridville, gammafunk_ghost_smash, kennysheep_decorative_pillar
D:7:      minmay_the_grid_triangle_9x9_recursive_2
          [minmay_the_grid_triangle_9x9_prize_center,
          minmay_the_grid_triangle_9x9_sparse_checkered,
          minmay_the_grid_triangle_9x9_zippers_horizontal,
          minmay_the_grid_triangle_9x9_sprig], layout_rooms,
          minmay_temple_entry_overgrown, serial_glass, glass_columns_b,
          glass_columns_a, dk_yredelemnul_ordeal, uniq_harold
D:8:      layout_rooms, serial_shops, kennysheep_mini, uniq_maurice
D:9:      layout_basic, hangedman_fish_farm
D:10:     layout_roguey, orc_david_3, enter_trove_5, serial_shops,
          kennysheep_mini_moat
D:11:     layout_rooms, due_lair_maze_entry_diamond, grunt_gozag_statues
D:12:     layout_basic
D:13:     minmay_cut_squares, layout_basic, uniq_nessos
D:14:     layout_stronghold, david_vaults_2, serial_shops, nicolae_shop_trees,
          nrook_pool_corridor
D:15:     grunt_enter_depths_magical_seal, layout_basic,
          muffindrake_ghost_dual_entry, basic_altar, chequers_arboretum,
          uniq_jorgrun
Temple:   compressed_dpeg_circular_temple
Lair:1:   layout_chaotic_city, nicolae_quartered_pool_super
Lair:2:   layout_layer_cave, nicolae_spider_entry_orb_guardian, special_room
          [special_room_bee], st_stairs_10
Lair:3:   dragon1_lemuel, layout_regular_city, skrybe_swamp_entry_bodies,
          nicolae_volcano_entry_batcave, beast_lair_carwin_8,
          serial_bayou_shore_b, minmay_lair_oklob_chamber, lemuel_fruit_tree,
          infiniplex_staircase_pool_2, uniq_fannar
Lair:4:   layout_regular_city, tgw_fedhas
Lair:5:   layout_big_grid
Lair:6:   hangedman_lair_tendril_chambers, layout_cave_pods,
          hangedman_lair_caniforms_friends, slime_altar_1, basic_altar,
          st_stairs_11, serial_bayou_pond_b
Swamp:1:  layout_basic_swamp, lemuel_altar_in_water, swamp_pool3
Swamp:2:  layout_basic_swamp, gammafunk_ghost_cemetery,
          evilmike_swamp_ruin_wall, swamp_pool2
Swamp:3:  cheibrodos_swamp_tower_of_moss, layout_falls_marsh,
          hangedman_swamp_blocks, uniq_mara, uniq_kirke
Spider:1: layout_spider_delve
Spider:2: layout_spider_delve
Spider:3: layout_spider_delve, spiders_nest_the_unseen,
          nicolae_spider_cling_ruins, uniq_agnes, uniq_azrael, uniq_asterion
Slime:1:  layout_caves
Slime:2:  layout_caves, nicolae_slime_round_cave
Slime:3:  layout_caves
Slime:4:  layout_caves, cheibrodos_slime_lost_civilization_5
Slime:5:  uniq_dissolution
Orc:1:    layout_diamond_mine, serial_shops, shop, nicolae_orc_flooded_monolith
Orc:2:    st_orc_mages, layout_caves, rock_pile

Skill      XL: |  1  2  3  4  5  6  7  8  9 10 11 12 13 14 15 16 17 |
---------------+----------------------------------------------------+-----
Unarmed Combat | 4 5 7 8 9 10 11 12 14 15 16 17 18 | 18.7
Fighting       | 4 6 7 8 9 10 11 | 11.6
Dodging        | 4 6 7 8 9 10 11 12 | 12.7
Throwing       | 2 5 6 |  6.0
Armour         | 3 5 |  5.0
Shields        | 5 7 |  7.6
Evocations     | 3 4 |  4.8
Translocations | 1 2 |  2.5
Transmutations | 1 2 |  2.5
Spellcasting   | 1 2 |  2.1
Stealth        | |  1.0

Action                   |  1- 3 |  4- 6 |  7- 9 | 10-12 | 13-15 | 16-18 || total
-------------------------+-------+-------+-------+-------+-------+-------++-------
Melee: Unarmed           |    73 |    93 |   285 |   660 |  1245 |  1185 ||  3541
       Punch             |       |       |    15 |    41 |   119 |       ||   175
       Kick              |       |       |       |       |   182 |       ||   182
       Pseudopods        |       |       |       |       |    83 |   239 ||   322
       Headbutt          |       |       |       |       |       |    10 ||    10
Throw: Dart              |       |       |       |    21 |     9 |    68 ||    98
 Abil: Evoke Invisibilit |       |       |       |       |       |     1 ||     1
  Use: Scroll            |       |     8 |     2 |    12 |     7 |     7 ||    36
       Potion            |       |       |       |     4 |     5 |     4 ||    13
 Stab: Sleeping          |     2 |     2 |     3 |     3 |     3 |     3 ||    16
       Distracted        |       |       |       |       |     1 |     3 ||     4
       Confused          |       |       |       |       |     1 |     7 ||     8
  Eat: Chunk             |    11 |    13 |    31 |    51 |    81 |    48 ||   235
       Ration            |       |       |       |     2 |       |       ||     2
Armor: Robe              |    29 |    27 |    59 |   124 |   147 |    63 ||   449
       Troll leather arm |       |       |       |       |   119 |   174 ||   293
       Skin              |       |       |       |       |    23 |       ||    23
Dodge: Dodged            |    44 |    45 |   231 |   544 |  1135 |   800 ||  2799
Block: Other             |       |       |       |   118 |   168 |       ||   286
       Reflection        |       |       |       |     1 |    11 |    19 ||    31
       Large shield      |       |       |       |       |   142 |  1290 ||  1432

Table legend:
 A = Non-vault XP
 B = Vault XP
 C = Vault XP percentage of total XP
 D = Non-vault monster count
 E = Vault monster count
 F = Vault count percentage of total count
                 A         B        C        D         E       F
            +---------+---------+-------+---------+---------+-------
      Total |  163989 |   70197 |  30.0 |     752 |     250 |  25.0
            +---------+---------+-------+---------+---------+-------
        D:1 |      41 |       0 |   0.0 |      21 |       0 |   0.0
        D:2 |      73 |       0 |   0.0 |      20 |       0 |   0.0
        D:3 |     268 |     305 |  53.2 |      22 |       2 |   8.3
        D:4 |     477 |       0 |   0.0 |      17 |       0 |   0.0
        D:5 |     995 |       0 |   0.0 |      32 |       0 |   0.0
        D:6 |     930 |    3785 |  80.3 |      22 |       8 |  26.7
        D:7 |     602 |    1386 |  69.7 |       9 |      10 |  52.6
        D:8 |     590 |     469 |  44.3 |      19 |       1 |   5.0
        D:9 |    1434 |     332 |  18.8 |      24 |       1 |   4.0
       D:10 |    4367 |    1402 |  24.3 |      42 |       7 |  14.3
       D:11 |    4567 |    1372 |  23.1 |      37 |      11 |  22.9
       D:12 |    6111 |       0 |   0.0 |      16 |       0 |   0.0
       D:13 |    8223 |    4850 |  37.1 |      32 |       7 |  17.9
       D:14 |    5820 |    2869 |  33.0 |      23 |       3 |  11.5
       D:15 |   14481 |    7399 |  33.8 |      35 |      11 |  23.9
     Lair:1 |    3599 |     338 |   8.6 |      18 |       2 |  10.0
     Lair:2 |   13202 |    3069 |  18.9 |      42 |      28 |  40.0
     Lair:3 |    9435 |    4981 |  34.6 |      24 |      14 |  36.8
     Lair:4 |    6276 |     557 |   8.2 |      23 |       1 |   4.2
     Lair:5 |    6812 |       0 |   0.0 |      36 |       0 |   0.0
     Lair:6 |    7042 |   20743 |  74.7 |      18 |      93 |  83.8
    Swamp:1 |   11813 |       0 |   0.0 |      22 |       0 |   0.0
    Swamp:2 |   10964 |    3259 |  22.9 |      24 |       2 |   7.7
    Swamp:3 |    4976 |    2081 |  29.5 |       7 |       1 |  12.5
   Spider:1 |   11985 |       0 |   0.0 |      33 |       0 |   0.0
   Spider:2 |   14369 |       0 |   0.0 |      45 |       0 |   0.0
   Spider:3 |    8539 |    2021 |  19.1 |      25 |       1 |   3.8
      Orc:1 |    2989 |       0 |   0.0 |      36 |       0 |   0.0
      Orc:2 |    3009 |    3271 |  52.1 |      28 |      27 |  49.1
    Volcano |       0 |    5708 | 100.0 |       0 |      20 | 100.0
            +---------+---------+-------+---------+---------+-------
